 Dungeon Crawl Stone Soup version 0.30-a0-272-gf98c3da03f (webtiles) character file.

Game seed: 4937445840730704805

3395 Powertoast the Carver (level 10, -10/85 HPs)
             Began as a Merfolk Gladiator on Oct 15, 2022.
             Was a Priest of Okawaru.
             Mangled by an orc warrior
             ... wielding a +0 halberd
              (19 damage)
             ... in a bailey.
             The game lasted 00:33:31 (5904 turns).

Powertoast the Carver (Merfolk Gladiator)           Turns: 5904, Time: 00:33:31

Health: -10/85     AC:  9    Str: 15    XL:     10   Next: 4%
Magic:  10/10      EV: 18    Int: 14    God:    Okawaru [***...]
Gold:   97         SH:  5    Dex: 19    Spells: 9/9 levels left

rFire   . . .      SeeInvis .    D - +2 long sword (freeze)
rCold   . . .      Faith    .    (no shield)
rNeg    . . .      Spirit   .    z - +2 robe {Will+}
rPois   .          Reflect  +    A - +1 helmet
rElec   .          Harm     .    B - +0 cloak
rCorr   .          Rampage  .    m - +1 pair of gloves
Will    +....                    (no boots)
Stlth   ++........               q - amulet of reflection
HPRegen 0.34/turn                C - +6 ring of intelligence
MPRegen 0.12/turn                (no ring)

@: mighty
A: (nimble swimmer 2), mertail
a: Renounce Religion, Heroism


You were in a bailey.
You worshipped Okawaru.
Okawaru was most pleased with you.
You visited 1 branch of the dungeon, and saw 7 of its levels.
You also visited: Bailey.

You collected 484 gold pieces.
You spent 387 gold pieces at shops.

Inventory:

Hand Weapons
 a - a +1 long sword
 D - a +2 long sword of freezing (weapon)
 I - a +5 falchion
 K - a +1 antimagic short sword
 L - a +1 short sword of speed
Missiles
 d - 3 throwing nets
 e - 11 javelins (quivered)
 j - 3 boomerangs of dispersal
 p - 2 silver boomerangs
Armour
 m - a +1 pair of gloves (worn)
 y - a +2 ring mail of positive energy
 z - a +2 robe of willpower (worn)
 A - a +1 helmet (worn)
 B - a +0 cloak (worn)
 G - a +0 leather armour of cold resistance
 J - a +2 robe of resistance
Jewellery
 n - a ring of ice
 q - an amulet of reflection (around neck)
 t - a ring of fire
 C - a +6 ring of intelligence (left hand)
Wands
 r - a wand of polymorph (2)
 v - a wand of mindburst (11)
 F - a wand of roots (1)
Scrolls
 g - 3 scrolls of enchant weapon
 h - a scroll of immolation
 s - 5 scrolls of teleportation
 x - 3 scrolls of torment
 H - a scroll of fear {unknown}
Potions
 b - 2 potions of brilliance
 c - a potion of degeneration {unknown}
 f - 2 potions of lignification
 i - a potion of invisibility {unknown}
 k - 2 potions of mutation
 l - 3 potions of heal wounds
 o - 5 potions of curing
 u - a potion of ambrosia {unknown}
 w - 2 potions of might
 E - 2 potions of attraction {unknown}


   Skills:
 - Level 10.0 Fighting
 + Level 10.4 Long Blades
 - Level 2.0 Throwing
 - Level 10.0 Dodging


You had 9 spell levels left.
You didn't know any spells.
Your spell library contained the following spells:

 Spells                   Type           Power      Damage    Failure   Level
 Magic Dart               Conj           0%         1d3       28%         1
 Poisonous Vapours        Pois/Air       0%         N/A       41%         2
 Dazzling Flash           Conj/Hex       0%         N/A       65%         3
 Kindle Blastsparks       Fire/Tloc/Air  0%         2d10      65%         3
 Fulminant Prism          Conj/Hex       0%         3d6       96%         4
 Iskenderun's Mystic Bla  Conj/Tloc      0%         2d3       96%         4
 Olgreb's Toxic Radiance  Pois           0%         N/A       96%         4
 Lee's Rapid Deconstruct  Erth           0%         3d5*      100%        5
 Iron Shot                Conj/Erth      0%         9d1       100%        6
 Ozocubu's Refrigeration  Ice            0%         4d7       100%        7
 Ignition                 Fire           0%         3d3       100%        8


Dungeon Overview and Level Annotations

Branches:
Dungeon (7/15)             Temple (0/1) D:5          Bailey (1/1)

Altars:
Hepliaklqana
Makhleb
Nemelex Xobeh
Okawaru
Ru
Trog
Yredelemnul
Zin

Shops:
D:2 =   D:4 ([*[(   D:5 (?((?


Innate Abilities, Weirdness & Mutations

((You are very nimble when in or above water. (Stealth+, EV+, Speed+++)))
Your lower body shifts to a powerful aquatic tail in water.


Message History

You hear a shout! x2
You close the large door.
You start resting.
An orc opens the door.
It is wielding a +0 halberd.
The orc barely misses you.
An orc warrior comes into view. It is wielding a +0 halberd.
An orc warrior comes into view. It is wielding a +0 glaive.
There is a large open door here.
The orc warrior shouts!
You hit the orc. You freeze the orc.
The orc is moderately wounded.
The orc hits you but does no damage.
You closely miss the orc.
The orc is moderately wounded.
An orc knight comes into view. It is wielding a +0 trident.
The orc barely misses you.
The orc knight roars a battlecry!
The orcs go into a battle-frenzy!
You feel very mighty all of a sudden. The orc misses you.
The orc completely misses you. The orc warrior barely misses you.
You slash the orc! You freeze the orc.
You kill the orc!
Okawaru accepts your kill.
The orc knight hits you but does no damage.
The orc warrior hits you from afar with a +0 halberd!!
The orc warrior hits you with a +0 glaive!!
The orc knight closely misses you. The orc warrior misses you.
The orc warrior hits you with a +0 glaive!!
* * * LOW HITPOINT WARNING * * *
Things that are here:
a +0 halberd; a +0 scale mail; 14 gold pieces You slash the orc knight!
You freeze the orc knight. Your punch misses the orc knight.
The orc knight is moderately wounded.
You feel much better.
The orc knight hits you with a +0 trident!!
* * * LOW HITPOINT WARNING * * *
The orc warrior hits you with a +0 halberd!!
You die...

≈≈≈.♣ ## #..♣≈≈≈≈≈...#
####.$#..♣≈≈≈≈..♣.##
(....#...≈≈≈≈.....###
o..##.♣.≈≈≈≈..♣....♣♣♣
#..#....≈ ≈≈.........♣♣
#8.#...######.........♣
#..#..o............∩..♣
#..'..o@..............♣
#.)'...o..............♣
#.)#.............))∩..♣
#8.#...######.........♣
#o.#....≈≈≈≈..♣......♣♣
...##...≈≈≈≈..♣♣...♣♣♣
.....#...≈≈≈≈.....###
####.$#..≈≈≈≈≈..####
####..≈≈≈≈...#


You could see an orc knight and 2 orc warriors.

Vanquished Creatures
  Pikel (D:4)
  Sigmund (D:5)
  A wyvern (D:7)
  Eustachio (D:5)
  An ice beast (D:6)
  2 ogres
  5 orc warriors
  A lemure (D:5)
  A centaur (D:5)
  A phantom (D:4)
  2 kobold brigands (D:6)
  Blork the orc (D:5)
  3 necrophages
  4 scorpions
  5 wights (D:6)
  3 orc priests
  3 hounds
  3 jellies
  Ijyb (D:3)
  4 iguanas
  7 orc wizards
  5 adders
  3 white imps (D:6)
  2 dart slugs
  25 orcs
  2 endoplasms
  4 giant cockroaches
  5 goblins
  3 hobgoblins (D:1)
  5 jackals
  12 kobolds
  5 quokkas
  3 ball pythons
  A bat (D:1)
  A frilled lizard (D:3)
  5 rats
132 creatures vanquished.

Notes
Turn   | Place    | Note
-------+----------+-------------------------------------------
     0 | D:1      | Powertoast the Merfolk Gladiator began the quest for the
                  | Orb.
     0 | D:1      | Reached XP level 1. HP: 16/16 MP: 1/1
   144 | D:1      | Reached XP level 2. HP: 19/22 MP: 2/2
   605 | D:2      | Reached skill level 5 in Long Blades
   605 | D:2      | Reached XP level 3. HP: 17/27 MP: 3/3
   760 | D:2      | Found Niol's Jewellery Boutique.
  1305 | D:3      | Noticed Ijyb
  1390 | D:3      | Killed Ijyb
  1391 | D:3      | Reached XP level 4. HP: 25/33 MP: 4/4
  1476 | D:3      | Reached XP level 5. HP: 27/38 MP: 5/5
  1862 | D:3      | Found a burning altar of Makhleb.
  1866 | D:3      | Noticed a balrug
  1867 | D:3      | Found a glowing silver altar of Zin.
  1868 | D:3      | Noticed an angel
  2141 | D:4      | Noticed a phantom
  2179 | D:4      | Killed a phantom
  2234 | D:4      | Found a large runed translucent door.
  2234 | D:4      | Found a large runed translucent door.
  2236 | D:4      | Found Zolazx Wucy's Armour Emporium.
  2244 | D:4      | Bought a +1 helmet for 138 gold pieces
  2244 | D:4      | Bought a +0 cloak for 54 gold pieces
  2289 | D:4      | Found Ymerghux's Assorted Antiques.
  2369 | D:4      | Found a bloodstained altar of Trog.
  2382 | D:4      | Found Tutzesah's Armour Boutique.
  2399 | D:4      | Found an iron altar of Okawaru.
  2409 | D:4      | Became a worshipper of Warmaster Okawaru
  2430 | D:4      | Found Uhedit's Weapon Shoppe.
  2430 | D:4      | Noticed an ogre
  2494 | D:4      | Found Buserecu's Antique Weapon Emporium.
  2765 | D:4      | Reached XP level 6. HP: 44/44 MP: 6/6
  2813 | D:4      | Found a sacrificial altar of Ru.
  2863 | D:4      | Found a hazy altar of Hepliaklqana.
  2885 | D:5      | Entered Level 5 of the Dungeon
  2967 | D:5      | Noticed Pikel
  2969 | D:5      | Noticed Eustachio
  3002 | D:4      | Killed Pikel
  3002 | D:4      | Reached * piety under Okawaru
  3003 | D:4      | Reached skill level 10 in Long Blades
  3003 | D:4      | Reached XP level 7. HP: 11/54 MP: 7/7
  3168 | D:5      | Killed Eustachio
  3169 | D:5      | Reached skill level 5 in Fighting
  3169 | D:5      | Reached XP level 8. HP: 30/62 MP: 6/8
  3174 | D:5      | Noticed Blork the orc
  3285 | D:5      | Killed Blork the orc
  3382 | D:5      | Found Wietuc's Antique Weapon Emporium.
  3793 | D:5      | Reached ** piety under Okawaru
  3822 | D:5      | Found Goqak's Magic Scroll Boutique.
  3913 | D:5      | Noticed Sigmund
  3952 | D:5      | Killed Sigmund
  4087 | D:5      | Found Daga's Magic Scroll Boutique.
  4164 | D:5      | Found a staircase to the Ecumenical Temple.
  4189 | D:5      | Found Bonn's Weapon Boutique.
  4226 | D:5      | Found Siad's Antique Weapon Boutique.
  4235 | D:5      | Bought a runed long sword for 195 gold pieces
  4340 | D:4      | Reached XP level 9. HP: 76/76 MP: 9/9
  4485 | D:6      | Reached skill level 10 in Fighting
  4488 | D:6      | Reached *** piety under Okawaru
  4575 | D:6      | Reached skill level 5 in Dodging
  4881 | D:6      | Found a basalt altar of Yredelemnul.
  5081 | D:6      | Found a sparkling altar of Nemelex Xobeh.
  5082 | D:6      | Found a transporter.
  5135 | D:6      | Got Sif Muna's Vellum of Damage Dealing and Venom
  5673 | D:7      | Received a gift from Okawaru
  5705 | D:7      | Found a flagged portal.
  5712 | Bailey   | Entered a bailey
  5841 | Bailey   | Reached XP level 10. HP: 66/85 MP: 10/10
  5852 | Bailey   | Reached skill level 10 in Dodging
  5892 | Bailey   | Noticed an orc knight
  5904 | Bailey   | Mangled by an orc warrior

Illustrated notes

Levels and vault maps discovered:
D:1:      dpeg_arrival_round_a, layout_rooms
D:2:      layout_rooms, serial_shops, nicolae_diamond_shop, serial_bayou,
          serial_bayou_pond_c, serial_bayou_pond_d, serial_bayou_pond_a,
          serial_bayou_pond_a, kennysheep_another_room
D:3:      layout_loops_ring, grunt_temple_overflow_order_and_chaos_2,
          minmay_tree_intersection, uniq_ijyb
D:4:      layout_basic, jmf_multi_god_temple2, nicolae_overflow_crystal_walls,
          mainiacjoe_overflow_paths, serial_shops, kennysheep_little_box,
          nicolae_shop_stone, nicolae_shop_waterfront, nicolae_lakefront_shop,
          nicolae_shop_bloodbath_and_beyond, grunt_decor_fettered
D:5:      layout_cave_pools, minmay_temple_entry_butterflies, serial_shops,
          shop, kennysheep_mini, nicolae_shop_hallway_stairs, shop,
          nicolae_square_shop, uniq_blork_the_orc, uniq_pikel, uniq_eustachio,
          uniq_sigmund
D:6:      layout_basic, grunt_nemelex_the_gamble, lemuel_tele_altar,
          dreamdust_princess_corridor, minmay_crossroads
D:7:      layout_layer_cave, enter_bailey_2
Bailey:   bailey_polearm_elven_captive_hellmonk, bailey

Skill      XL: |  1  2  3  4  5  6  7  8  9 10 |
---------------+-------------------------------+-----
Long Blades    | 4 5 6 8 10 | 10.4
Fighting       | 4 5 9 10 | 10.0
Dodging        | 9 10 | 10.0
Throwing       | |  2.0

Action                   |  1- 3 |  4- 6 |  7- 9 | 10-12 || total
-------------------------+-------+-------+-------+-------++-------
Melee: Long sword        |    99 |   107 |   243 |    11 ||   460
       Unarmed           |     7 |       |       |       ||     7
       Punch             |       |     2 |     3 |       ||     5
Throw: Javelin           |     5 |     5 |    20 |     1 ||    31
Invok: Heroism           |       |       |     4 |     1 ||     5
  Use: Scroll            |     4 |     5 |     4 |       ||    13
       Potion            |       |       |       |     2 ||     2
 Stab: Distracted        |       |     1 |       |       ||     1
       Sleeping          |       |       |     1 |       ||     1
Armor: Leather armour    |     5 |       |       |       ||     5
       Ring mail         |    28 |    16 |       |       ||    44
       Robe              |       |     8 |    51 |     4 ||    63
Dodge: Dodged            |    58 |    44 |   141 |    16 ||   259
Block: Other             |     5 |    15 |    40 |     2 ||    62
       Reflection        |       |     1 |     1 |       ||     2

Table legend: (Time is in decaauts)
 A = Elapsed time spent in this place.
 B = Non-inter-level travel time spent in this place.
 C = Inter-level travel time spent in this place.
 D = Time resting spent in this place.
 E = Time spent auto-exploring this place.
 F = Levels seen in this place.
 G = Mean time per level.
                   A        B        C        D        E       F      G
               +--------+--------+--------+--------+--------+-----+--------+
         Total |   5861 |   5664 |    197 |    848 |   3259 |   8 |  732.6 |
       Dungeon |   5674 |   5477 |    197 |    773 |   3241 |   7 |  810.6 |
        Bailey |    186 |    186 |      0 |     75 |     18 |   1 |  186.0 |
               +--------+--------+--------+--------+--------+-----+--------+

Top non-repeatable levels by time:
     D:6: 1275 daAuts
     D:5: 1163 daAuts
     D:4: 1101 daAuts
     D:3: 951 daAuts
     D:1: 595 daAuts
     D:2: 542 daAuts
  Bailey: 186 daAuts
     D:7: 45 daAuts
